 Dungeon Crawl Stone Soup version 0.29-a0-40-g8eb35efe60 (webtiles) character file.

Game seed: 430063522287429156

6184 funkygono the Arsonist (level 10, -4/52 HPs)
             Began as a Gargoyle Fire Elementalist on Feb 1, 2022.
             Was an Initiate of Vehumet.
             Killed from afar by an oklob plant (13 damage)
             ... with a splash of acid
             ... in a Gauntlet.
             The game lasted 00:20:51 (10540 turns).

funkygono the Arsonist (GrFE)                      Turns: 10540, Time: 00:20:52

Health: -4/52      AC: 14    Str: 11    XL:     10   Next: 91%
Magic:  19/23      EV: 15    Int: 21    God:    Vehumet [......]
Gold:   52         SH:  0    Dex: 10    Spells: 12/28 levels left

rFire   . . .      SeeInvis .   B - +2 flail (protect)
rCold   . . .      Faith    .   (no shield)
rNeg    + . .      Spirit   .   J - +0 acid dragon scales
rPois   ∞          Reflect  .   r - +2 hat
rElec   +          Harm     .   (no cloak)
rCorr   +          Rampage  .   (no gloves)
Will    .....      NoTele   +   (no boots)
Stlth   +.........              n - amulet of regeneration
HPRegen 0.97/turn               l - +4 ring of evasion
MPRegen 0.18/turn               o - ring of wizardry

@: mighty, corroded, under a protective aura
A: sickness immunity, AC +7, negative energy resistance 1, electricity
resistance, torment resistance 1, petrification resistance
a: Renounce Religion


You were in a Gauntlet.
You worshipped Vehumet.
Vehumet was noncommittal.
You visited 2 branches of the dungeon, and saw 10 of its levels.
You also visited: Sewer and Gauntlet.

You collected 536 gold pieces.
You spent 484 gold pieces at shops.

Inventory:

Hand Weapons
 g - a +0 dagger
 m - a +0 whip
 z - a +1 flail of draining
 B - a +2 flail of protection (weapon)
Missiles
 b - 250 stones
 H - 2 throwing nets
Armour
 a - a +1 robe
 e - a +0 leather armour
 f - +0 steam dragon scales
 r - a +2 hat (worn)
 w - a +0 buckler
 C - a +0 helmet
 D - a +0 troll leather armour
 G - a +0 robe of positive energy
 J - +0 acid dragon scales (worn)
Magical Staves
 i - a staff of death
 y - a staff of cold
Jewellery
 l - a +4 ring of evasion (left hand)
 n - an amulet of regeneration (around neck)
 o - a ring of wizardry (right hand)
 A - a ring of ice
Wands
 h - a wand of flame (13)
 x - a wand of iceblast (6)
 M - a wand of acid (4)
Scrolls
 j - 3 scrolls of blinking
 k - 5 scrolls of teleportation
 p - 3 scrolls of summoning
 E - a scroll of magic mapping
 K - a scroll of identify
 L - a scroll of brand weapon {unknown}
Potions
 c - a potion of resistance
 d - a potion of flight
 q - 2 potions of mutation
 t - 3 potions of curing
 u - 2 potions of brilliance
 v - 3 potions of lignification
 F - a potion of cancellation {unknown}
 I - a potion of invisibility {unknown}


   Skills:
 + Level 1.5 Fighting
 + Level 2.1 Maces & Flails
 + Level 0.5 Armour
 + Level 2.4 Dodging
 - Level 2.1 Stealth
 * Level 9.5 Spellcasting
 * Level 8.0 Conjurations
 * Level 10.0 Fire Magic


You had 12 spell levels left.
You knew the following spells:

 Your Spells              Type           Power      Damage    Failure   Level
a - Foxfire               Conj/Fire      100%       2x1d9     1%          1
b - Scorch                Fire           100%       2d10      1%          2
c - Conjure Flame         Conj/Fire      48%        6-21      1%          3
d - Flame Wave            Conj/Fire      48%        2d10      1%          4
e - Fireball              Conj/Fire      24%        3d11      2%          5
f - Sting                 Tmut/Pois      40%        1d5       4%          1

Your spell library contained the following spells:

 Spells                   Type           Power      Damage    Failure   Level
 Inner Flame              Hex/Fire       31%        N/A       1%          3
 Iskenderun's Battlesphe  Conj           43%        2d9       4%          5
 Poisonous Vapours        Pois/Air       20%        N/A       6%          2
 Portal Projectile        Hex/Tloc       20%        N/A       13%         3
 Starburst                Conj/Fire      24%        6d8       16%         6
 Olgreb's Toxic Radiance  Pois           10%        N/A       38%         4
 Blade Hands              Tmut           5%         N/A       71%         5
 Excruciating Wounds      Necr           5%         N/A       71%         5
 Conjure Ball Lightning   Conj/Air       13%        3x3d6     73%         6
 Orb of Destruction       Conj           21%        9d8       75%         7
 Ignition                 Fire           25%        3d9       98%         8


Dungeon Overview and Level Annotations

Branches:
Dungeon (11/15)            Temple (1/1) D:7           Sewer (visited)
Gauntlet (1/1)
   Lair: D:8-11         Orc: D:9-12

Altars:
Ashenzari
Cheibriados
Dithmenos
Elyvilon
Fedhas
Gozag
Hepliaklqana
Kikubaaqudgha
Makhleb
Nemelex Xobeh
Okawaru
Qazlal
Ru
Sif Muna
Trog
Vehumet
Yredelemnul
Zin

Shops:
D:2 ((:*   D:8 !

Annotations:
D:3 3 runed translucent doors, anonymous's ghost, amateur TeAE Gauntlet 11 transporters, 1 runed translucent door, exclusion: oklob plant


Innate Abilities, Weirdness & Mutations

You are immune to sickness and miasma.
Your stone body is resilient. (AC +7)
You are immune to poison.
You resist negative energy. (rN+)
You are resistant to electric shocks. (rElec)
You are resistant to unholy torment.
You are immune to petrification.


Message History

The oklob plant is severely damaged.
The oklob plant spits acid at you. The splash of acid hits you! You resist.
The acid corrodes you!
You hit the oklob plant but do no damage.
The oklob plant is severely damaged.
The oklob plant spits acid at you. The splash of acid hits you. You resist.
You hit the oklob plant but do no damage.
The oklob plant is severely damaged.
You hit the oklob plant.
The oklob plant is severely damaged.
The oklob plant spits acid at you. The splash of acid hits you. You resist.
You hit the oklob plant but do no damage.
The oklob plant is severely damaged.
The oklob plant is no longer more vulnerable to fire.
The oklob plant spits acid at you. The splash of acid hits you! You resist.
You hit the oklob plant.
You punch the oklob plant, but do no damage.
The oklob plant is severely damaged.
The oklob plant spits acid at you. The splash of acid hits you! You resist.
* * * LOW HITPOINT WARNING * * *
The acid corrodes you!
You hit the oklob plant.
The oklob plant is almost destroyed.
You hit the oklob plant.
The oklob plant is almost destroyed.
You hit the oklob plant but do no damage.
The oklob plant is almost destroyed.
You hit the oklob plant but do no damage.
The oklob plant is almost destroyed.
The oklob plant spits acid at you. The splash of acid hits you! You resist.
* * * LOW HITPOINT WARNING * * *
You feel very mighty all of a sudden. The oklob plant spits acid at you.
The splash of acid hits you! You resist.
You die...

#≈≈.........#.#.... .
#≈..#########.#...♣ #
##...#.......#.#.P.P #
##≈.∩.#.⌠.#.#.#.#.#≈# #
##≈≈...#......!#.#.≈≈≈ #
#≈≈≈♣.©#.8[©.#©#©#.#≈ .
##≈≈...#.......#.#.≈≈ #
##≈.∩.#.8.#.#=#.#.#≈ #
##...#.....@P#.#.PP #
#≈..#########.#..P .
#≈≈.........#.#... #
####..♣...♣.#.###### .
#≈...PP..#.#Z##.# #
#≈≈..♣...#.##Z.##.##.#..
####..PP.#.##.#..###.###
#≈..♣.#©#.##©#.©#©#..
#≈≈...####..##.##.###


You could see an oklob plant and 2 centaur warrior simulacra.

Vanquished Creatures
  A two-headed ogre (D:7)
  An ugly thing (D:11)
  Joseph (D:7)
  An unseen horror (D:6)
  3 trolls
  Prince Ribbit (D:7)
  A wyvern (D:7)
  2 steam dragons
  A vampire mosquito (D:6)
  3 acid dragons
  3 orc warriors
  An ice beast (D:8)
  A sky beast (D:5)
  A necrophage (D:7)
  2 ogres
  3 centaurs
  2 kobold brigands (D:6)
  2 phantoms
  5 bullfrogs
  A wyvern zombie (D:7)
  A wyvern skeleton (D:6)
  3 killer bees (D:6)
  A wight (D:6)
  A howler monkey (D:5)
  3 hounds
  3 bullfrog skeletons
  A gnoll shaman (D:8)
  A bullfrog zombie (D:6)
  A jelly (D:6)
  Jessica (D:2)
  6 iguanas
  A centaur skeleton (D:4)
  7 orc wizards
  A killer bee zombie (D:6)
  2 hound skeletons (D:4)
  10 adders
  13 gnolls
  2 river rats (D:4)
  A white imp (D:6)
  An ufetubus (D:7)
  An adder skeleton (D:4)
  3 dart slugs
  16 orcs
  17 ball pythons
  9 bats
  8 endoplasms
  10 giant cockroaches
  7 goblins
  4 hobgoblins
  9 kobolds
  10 quokkas
  11 frilled lizards
  7 rats
208 creatures vanquished.

Vanquished Creatures (others)
  707 foxfires
  4 plants (Gauntlet)
711 creatures vanquished.

Grand Total: 919 creatures vanquished

Notes
Turn   | Place    | Note
-------+----------+-------------------------------------------
     0 | D:1      | funkygono the Gargoyle Fire Elementalist began the quest
                  | for the Orb.
     0 | D:1      | Reached XP level 1. HP: 10/10 MP: 3/3
   302 | D:1      | Reached XP level 2. HP: 15/15 MP: 1/5
   402 | D:1      | Learned a level 2 spell: Scorch
   489 | D:1      | Found a faded altar of an unknown god.
  1082 | D:2      | Reached XP level 3. HP: 19/19 MP: 0/6
  1200 | D:2      | Reached skill level 4 in Fire Magic
  1200 | D:2      | Reached XP level 4. HP: 24/24 MP: 1/8
  1205 | D:2      | Learned a level 3 spell: Conjure Flame
  1300 | D:2      | Found Caonoe Zapn's Assorted Antiques.
  1856 | D:2      | Found Peon's Weapon Boutique.
  1905 | D:2      | Found Ythrayfin's Antique Weapon Emporium.
  1948 | D:2      | Found Ynerykh's Book Emporium.
  2090 | D:2      | Noticed Jessica
  2097 | D:2      | Killed Jessica
  2098 | D:2      | Reached XP level 5. HP: 28/28 MP: 2/9
  2219 | D:2      | Found an opulent altar of Gozag.
  2414 | D:3      | Noticed a phantom
  2418 | D:3      | Learned a level 4 spell: Flame Wave
  2421 | D:3      | Killed a phantom
  2618 | D:3      | Found a runed translucent gate.
  2618 | D:3      | Found a runed translucent gate.
  2618 | D:3      | Found a runed translucent gate.
  2622 | D:3      | Noticed anonymous's ghost (amateur TeAE)
  3154 | D:4      | Reached skill level 5 in Fire Magic
  3154 | D:4      | Reached XP level 6. HP: 32/32 MP: 7/11
  3591 | D:4      | Found a glowing drain.
  3647 | Sewer    | Entered a sewer
  4243 | Sewer    | Reached XP level 7. HP: 20/36 MP: 6/12
  5298 | D:5      | Entered Level 5 of the Dungeon
  5307 | D:5      | Reached skill level 6 in Fire Magic
  5623 | D:5      | Reached XP level 8. HP: 42/42 MP: 10/15
  5700 | D:5      | Found a sparkling altar of Nemelex Xobeh.
  5723 | D:5      | Reached skill level 5 in Spellcasting
  6369 | D:5      | Learned a level 5 spell: Fireball
  6371 | D:5      | Learned a level 1 spell: Sting
  6410 | D:6      | Reached skill level 5 in Conjurations
  6534 | D:6      | Reached skill level 7 in Fire Magic
  6704 | D:6      | Reached XP level 9. HP: 26/46 MP: 3/18
  6864 | D:6      | Killed an unseen horror
  6865 | D:6      | Reached skill level 8 in Fire Magic
  7690 | D:7      | Reached skill level 1 in Fighting
  7690 | D:7      | Reached skill level 1 in Maces & Flails
  7760 | D:7      | Found a staircase to the Ecumenical Temple.
  7769 | Temple   | Entered the Ecumenical Temple
  8382 | D:7      | Noticed Prince Ribbit
  8390 | D:7      | Killed Prince Ribbit
  8391 | D:7      | Reached XP level 10. HP: 33/52 MP: 8/21
  8532 | D:7      | Found a burning altar of Makhleb.
  8658 | D:7      | Noticed Joseph
  8674 | D:7      | Killed Joseph
  8675 | D:7      | Reached skill level 9 in Fire Magic
  8778 | D:7      | Noticed a two-headed ogre
  8787 | D:7      | HP: 1/52 [two-headed ogre (15)]
  8788 | D:7      | Killed a two-headed ogre
  9254 | D:2      | Bought a book of Fire for 484 gold pieces
  9526 | D:8      | Found Hoplimoh's Distillery.
  9769 | D:8      | Found a radiant altar of Vehumet.
  9801 | D:8      | Became a worshipper of Vehumet
  9881 | D:8      | You fall into a shaft and drop 3 floors!
 10055 | D:11     | Found a gate leading to a gauntlet.
 10056 | D:11     | Noticed a purple ugly thing
 10064 | D:11     | Killed a purple ugly thing
 10068 | Gauntlet | Entered a Gauntlet
 10068 | Gauntlet | Found a transporter.
 10136 | Gauntlet | Found a transporter.
 10136 | Gauntlet | Noticed an oklob plant
 10138 | Gauntlet | Found a transporter.
 10161 | Gauntlet | Found a transporter.
 10164 | Gauntlet | Noticed a shining eye
 10173 | Gauntlet | Found a transporter.
 10175 | Gauntlet | Found a transporter.
 10184 | Gauntlet | Noticed an apocalypse crab
 10185 | Gauntlet | Found a transporter.
 10202 | Gauntlet | Found a transporter.
 10202 | Gauntlet | Noticed a quicksilver ooze
 10209 | Gauntlet | Found a runed translucent door.
 10213 | Gauntlet | Found a transporter.
 10221 | Gauntlet | Noticed a white ugly thing
 10222 | Gauntlet | Found a transporter.
 10223 | Gauntlet | Noticed a glowing orange brain
 10224 | Gauntlet | Noticed a cyan ugly thing
 10237 | Gauntlet | Found a transporter.
 10247 | Gauntlet | Found a transporter.
 10425 | Gauntlet | Reached skill level 10 in Fire Magic
 10540 | Gauntlet | Killed from afar by an oklob plant

Illustrated notes

Levels and vault maps discovered:
D:1:      saegor_arrival_under_anarchy, layout_rooms,
          dreamdust_ecumenical_altar_angels_and_demons, minmay_split_cup_small
D:2:      layout_basic, basic_altar, serial_shops, shop, nicolae_shop_stone,
          shop, shop, minmay_door_square, minmay_joined_circles, uniq_jessica
D:3:      layout_basic, gammafunk_ghost_split
D:4:      layout_cave_pods, gup_sewer_entry_bubbles
D:5:      layout_basic, nemelex_altar_shiori, grunt_decor_arrowhead
D:6:      cheibrodos_fzero, layout_rooms, nicolae_ossuary_entry_ruins,
          kennysheep_another_room
D:7:      layout_loops_cross, mainiacjoe_overflow_24_doors,
          minmay_temple_entry_steel_oval, uniq_menkaure, uniq_prince_ribbit1,
          uniq_joseph
D:8:      layout_cave_pools, mainiacjoe_overflow_alcove_1,
          mainiacjoe_overflow_cross_hatched, vehumet_altar_wand_db,
          serial_shops, shop, special_room [special_room_orc]
D:11:     layout_loops_ring, gauntlet_entry_generic, kb_lookout_dungeons_type
Temple:   minmay_temple_curvy_branch
Gauntlet: minmay_gauntlet_77_tree [minmay_gauntlet_arena_77_museum,
          minmay_gauntlet_arena_77_tiled_triplets,
          minmay_gauntlet_arena_77_hold_the_fort,
          minmay_gauntlet_arena_77_checkered, minmay_gauntlet_arena_77_path,
          minmay_gauntlet_arena_77_mirror, minmay_gauntlet_arena_77_squiggly,
          nicolae_gauntlet_exit_dead_adventurers]

Skill      XL: |  1  2  3  4  5  6  7  8  9 10 |
---------------+-------------------------------+-----
Fire Magic     | 4 5 6 7 8 10 | 10.0
Conjurations   | 2 3 4 5 7 8 |  8.0
Spellcasting   | 3 4 6 7 9 |  9.5
Dodging        | 2 |  2.4
Fighting       | 1 |  1.5
Maces & Flails | 1 2 |  2.1
Armour         | |  0.5
Stealth        | |  2.1

Action                   |  1- 3 |  4- 6 |  7- 9 | 10-12 || total
-------------------------+-------+-------+-------+-------++-------
Melee: Dagger            |     1 |       |       |       ||     1
       Whip              |     4 |     4 |       |       ||     8
       Punch             |     1 |       |     1 |     1 ||     3
       Flail             |       |       |    20 |    19 ||    39
 Cast: Foxfire           |    35 |   132 |   162 |    85 ||   414
       Scorch            |     2 |    18 |    26 |    29 ||    75
       Flame Wave        |       |       |     4 |     3 ||     7
  Use: Scroll            |       |     8 |    11 |       ||    19
       Potion            |       |       |       |     1 ||     1
Armor: Robe              |     2 |     7 |    10 |       ||    19
       Steam dragon scal |       |       |    20 |     7 ||    27
       Acid dragon scale |       |       |       |     5 ||     5
Dodge: Dodged            |    16 |    27 |    70 |    17 ||   130

Table legend: (Time is in decaauts)
 A = Elapsed time spent in this place.
 B = Non-inter-level travel time spent in this place.
 C = Inter-level travel time spent in this place.
 D = Time resting spent in this place.
 E = Time spent auto-exploring this place.
 F = Levels seen in this place.
 G = Mean time per level.
                   A        B        C        D        E       F      G
               +--------+--------+--------+--------+--------+-----+--------+
         Total |  10663 |  10182 |    481 |    933 |   7176 |  12 |  888.6 |
       Dungeon |   9176 |   8698 |    478 |    782 |   6345 |   9 | 1019.6 |
        Temple |    251 |    248 |      3 |      0 |    246 |   1 |  251.0 |
         Sewer |    758 |    758 |      0 |      0 |    585 |   1 |  758.0 |
      Gauntlet |    476 |    476 |      0 |    151 |      0 |   1 |  476.0 |
               +--------+--------+--------+--------+--------+-----+--------+

Top non-repeatable levels by time:
     D:2: 1429 daAuts
     D:4: 1358 daAuts
     D:5: 1307 daAuts
     D:7: 1255 daAuts
     D:6: 1120 daAuts
     D:3: 1085 daAuts
     D:1: 967 daAuts
   Sewer: 758 daAuts
Gauntlet: 476 daAuts
     D:8: 466 daAuts
  Temple: 251 daAuts
    D:11: 186 daAuts
